General information
- name: BNet
- type: Ladder team game (AT/RT)
- host: Battle.net
- saver: butter15
map: RiceFields
- players: 6
- length: 41:42
- speed: Fast
- version: 1.26 W3XP
- replay type:

» download(295 KB)
Players
team 1 (loser)
divinemagic (
blue | 54 APM | 2255 actions | 41:34)
4 Tauren Chieftain
2 Shockwave
2 Endurance Aura
3 Shadow Hunter
2 Healing Wave
1 Hex
» actions
| Assign group hotkey | 128 | |
| Build / train | 113 | |
| Enter build submenu | 36 | |
| Enter hero's abilities submenu | 7 | |
| Remove unit from queue | 2 | |
| Right click | 1019 | |
| Select / deselect | 497 | |
| Select group hotkey | 265 | |
| Use ability | 188 | |
2255 total
» units
| Peon | 30 | |
| Grunt | 11 | |
| Shaman | 14 | |
| Tauren | 9 | |
| Spirit Walker | 4 | |
| Troll Witch Doctor | 3 | |
71 total
» upgrades
| Pillage | 1 | |
| Armor | 3 | |
| Shaman Training | 2 | |
| Pulverize | 1 | |
| Melee Weapons | 2 | |
| Reinforced Defenses | 1 | |
| Witch Doctor Training | 2 | |
| Spirit Walker Training | 2 | |
14 total
» buildings
| Altar of Storms | 2 | |
| Orc Burrow | 8 | |
| Barracks | 2 | |
| Voodoo Lounge | 1 | |
| Stronghold | 1 | |
| War Mill | 1 | |
| Fortress | 1 | |
| Spirit Lodge | 2 | |
| Great Hall | 2 | |
| Tauren Totem | 2 | |
| Watch Tower | 10 | |
32 total
» build order
00:17 Altar of Storms
00:23 Altar of Storms
00:26 Orc Burrow
01:52 Barracks
02:08 Orc Burrow
02:33 Barracks
02:48 Voodoo Lounge
02:58 Orc Burrow
05:18 Orc Burrow
07:56 Stronghold
08:59 Orc Burrow
10:09 War Mill
10:22 Fortress
10:28 Spirit Lodge
12:03 Great Hall
12:46 Tauren Totem
12:47 Tauren Totem
15:41 Orc Burrow
18:06 Spirit Lodge
18:49 Watch Tower
18:50 Watch Tower
18:53 Watch Tower
19:46 Watch Tower
20:03 Watch Tower
20:07 Watch Tower
22:30 Watch Tower
22:37 Orc Burrow
22:54 Orc Burrow
26:14 Great Hall
31:38 Watch Tower
35:21 Watch Tower
35:55 Watch Tower
» items
| Healing Salve | 5 | |
| Gloves of Haste | 1 | |
| Scroll of Town Portal | 4 | |
| Potion of Healing | 2 | |
12 total
Eddie (
teal | 60 APM | 2430 actions | 40:40)
5 Archmage
3 Blizzard
2 Brilliance Aura
1 Mountain King
1 Storm Bolt
» actions
| Assign group hotkey | 42 | |
| Basic commands | 109 | |
| Build / train | 84 | |
| Enter build submenu | 44 | |
| Enter hero's abilities submenu | 6 | |
| Give item / drop item | 4 | |
| Remove unit from queue | 1 | |
| Right click | 908 | |
| Select / deselect | 507 | |
| Select group hotkey | 643 | |
| Use ability | 82 | |
2430 total
» units
| Peasant | 13 | |
| Rifleman | 16 | |
| Dragonhawk Rider | 8 | |
| Gryphon Rider | 2 | |
| Siege Engine | 3 | |
| Knight | 4 | |
46 total
» upgrades
| Gunpowder | 3 | |
| Long Rifles | 1 | |
| Cloud | 1 | |
| Storm Hammers | 1 | |
| Animal War Training | 1 | |
| Masonry | 1 | |
| Barrage | 1 | |
9 total
» buildings
| Altar of Kings | 1 | |
| Farm | 12 | |
| Blacksmith | 1 | |
| Barracks | 2 | |
| Lumber Mill | 1 | |
| Scout Tower | 7 | |
| Arcane Vault | 1 | |
| Arcane Tower | 1 | |
| Guard Tower | 3 | |
| Keep | 1 | |
| Gryphon Aviary | 2 | |
| Castle | 1 | |
| Town Hall | 2 | |
| Workshop | 2 | |
37 total
» build order
00:08 Altar of Kings
00:10 Farm
00:29 Blacksmith
01:23 Barracks
01:33 Farm
02:14 Lumber Mill
02:32 Barracks
03:00 Farm
03:04 Scout Tower
04:03 Arcane Vault
04:12 Arcane Tower
04:44 Scout Tower
05:09 Farm
05:24 Guard Tower
06:53 Keep
07:03 Farm
07:31 Farm
09:36 Gryphon Aviary
09:53 Castle
09:56 Gryphon Aviary
12:01 Farm
12:31 Town Hall
13:03 Town Hall
14:56 Farm
15:23 Scout Tower
15:25 Scout Tower
16:56 Workshop
18:37 Farm
19:17 Scout Tower
19:46 Guard Tower
22:14 Scout Tower
22:17 Scout Tower
23:01 Guard Tower
28:59 Workshop
30:55 Farm
30:56 Farm
31:35 Farm
» items
| Scroll of Regeneration | 5 | |
| Lesser Clarity Potion | 2 | |
| Scroll of Town Portal | 5 | |
| Potion of Healing | 1 | |
| Gloves of Haste | 1 | |
14 total
PanStyle (
orange | 85 APM | 3557 actions | 41:38)
3 Blood Mage
2 Flame Strike
1 Siphon Mana
» actions
| Assign group hotkey | 15 | |
| Basic commands | 102 | |
| Build / train | 131 | |
| Enter build submenu | 29 | |
| Enter hero's abilities submenu | 3 | |
| Remove unit from queue | 4 | |
| Right click | 2320 | |
| Select / deselect | 637 | |
| Select group hotkey | 204 | |
| Use ability | 111 | |
3557 total
» units
| Peasant | 9 | |
| Footman | 7 | |
| Sorceress | 5 | |
| Flying Machine | 14 | |
| Mortar Team | 6 | |
| Priest | 5 | |
| Spell Breaker | 4 | |
| Siege Engine | 10 | |
60 total
» upgrades
| Masonry | 1 | |
| Gunpowder | 3 | |
| Sorceress Training | 1 | |
| Flare | 1 | |
| Armor | 2 | |
| Swords | 1 | |
| Magic Sentry | 1 | |
| Barrage | 1 | |
11 total
» buildings
| Altar of Kings | 1 | |
| Farm | 11 | |
| Arcane Vault | 1 | |
| Barracks | 1 | |
| Scout Tower | 7 | |
| Arcane Tower | 5 | |
| Lumber Mill | 1 | |
| Guard Tower | 25 | |
| Keep | 3 | |
| Blacksmith | 1 | |
| Arcane Sanctum | 1 | |
| Workshop | 2 | |
| Castle | 4 | |
63 total
» build order
00:09 Altar of Kings
00:14 Farm
00:37 Arcane Vault
01:30 Barracks
01:47 Farm
02:08 Farm
02:46 Scout Tower
03:32 Arcane Tower
03:32 Arcane Tower
03:32 Arcane Tower
04:20 Scout Tower
05:15 Lumber Mill
06:22 Guard Tower
06:22 Guard Tower
06:22 Guard Tower
07:41 Keep
07:41 Keep
07:41 Keep
07:51 Scout Tower
08:23 Guard Tower
08:23 Guard Tower
08:24 Guard Tower
08:31 Scout Tower
09:03 Guard Tower
09:03 Guard Tower
09:03 Guard Tower
09:12 Scout Tower
09:47 Blacksmith
10:21 Arcane Sanctum
10:29 Guard Tower
10:29 Guard Tower
11:04 Workshop
13:05 Farm
13:06 Farm
13:08 Farm
18:43 Farm
18:48 Farm
19:52 Scout Tower
20:51 Scout Tower
21:25 Guard Tower
21:25 Guard Tower
21:26 Guard Tower
22:23 Guard Tower
22:23 Guard Tower
22:23 Guard Tower
22:31 Farm
22:35 Farm
24:27 Castle
24:27 Castle
24:27 Castle
24:28 Castle
28:44 Workshop
29:04 Farm
» items
| Lesser Clarity Potion | 6 | |
| Scroll of Regeneration | 4 | |
| Scroll of Town Portal | 1 | |
| Potion of Healing | 2 | |
13 total
team 2 (winner)
butter15 (
green | 100 APM | 4177 actions | 41:42)
8 Blademaster
3 Wind Walk
3 Critical Strike
1 Bladestorm
1 Mirror Image
» actions
| Assign group hotkey | 22 | |
| Basic commands | 11 | |
| Build / train | 76 | |
| ESC pressed | 1 | |
| Enter build submenu | 70 | |
| Enter hero's abilities submenu | 8 | |
| Give item / drop item | 11 | |
| Right click | 2783 | |
| Select / deselect | 398 | |
| Select group hotkey | 542 | |
| Use ability | 255 | |
4177 total
» units
» upgrades
| Liquid Fire | 1 | |
| Reinforced Defenses | 1 | |
| Spiked Barricades | 2 | |
| Ranged Weapons | 2 | |
| Armor | 1 | |
7 total
» buildings
| Altar of Storms | 1 | |
| Orc Burrow | 4 | |
| War Mill | 1 | |
| Voodoo Lounge | 4 | |
| Watch Tower | 67 | |
| Stronghold | 3 | |
| Fortress | 1 | |
| Beastiary | 2 | |
| Great Hall | 1 | |
84 total
» build order
00:13 Altar of Storms
00:20 Orc Burrow
00:42 War Mill
00:54 Voodoo Lounge
02:09 Watch Tower
02:29 Watch Tower
02:46 Watch Tower
03:23 Stronghold
03:23 Stronghold
03:23 Stronghold
03:41 Watch Tower
03:48 Orc Burrow
04:35 Watch Tower
04:43 Orc Burrow
04:55 Watch Tower
05:39 Voodoo Lounge
05:49 Watch Tower
06:06 Fortress
06:08 Beastiary
06:14 Beastiary
07:42 Watch Tower
08:20 Watch Tower
08:27 Voodoo Lounge
08:29 Voodoo Lounge
08:37 Watch Tower
08:49 Watch Tower
10:53 Watch Tower
10:54 Watch Tower
10:58 Watch Tower
10:59 Watch Tower
11:01 Watch Tower
11:47 Orc Burrow
12:20 Watch Tower
12:21 Watch Tower
13:15 Watch Tower
15:11 Watch Tower
15:14 Watch Tower
15:40 Watch Tower
16:21 Watch Tower
16:22 Watch Tower
17:10 Watch Tower
17:11 Watch Tower
17:13 Watch Tower
17:24 Watch Tower
17:26 Watch Tower
17:28 Watch Tower
17:29 Watch Tower
17:57 Watch Tower
18:33 Watch Tower
19:57 Great Hall
19:59 Watch Tower
19:59 Watch Tower
20:00 Watch Tower
20:01 Watch Tower
20:02 Watch Tower
20:03 Watch Tower
20:03 Watch Tower
20:04 Watch Tower
20:05 Watch Tower
20:06 Watch Tower
26:18 Watch Tower
26:19 Watch Tower
26:19 Watch Tower
26:20 Watch Tower
28:06 Watch Tower
28:46 Watch Tower
28:46 Watch Tower
28:48 Watch Tower
28:48 Watch Tower
28:49 Watch Tower
28:49 Watch Tower
28:51 Watch Tower
28:52 Watch Tower
28:52 Watch Tower
28:53 Watch Tower
28:53 Watch Tower
29:24 Watch Tower
29:25 Watch Tower
30:42 Watch Tower
32:09 Watch Tower
32:11 Watch Tower
38:15 Watch Tower
38:18 Watch Tower
38:19 Watch Tower
» items
| Healing Salve | 2 | |
| Lesser Clarity Potion | 5 | |
| Orb of Lightning | 1 | |
| Claws of Attack +15 | 4 | |
| Kelen's Dagger of Escape | 1 | |
| Mechanical Critter | 4 | |
17 total
Jormungandir (
purple | 47 APM | 1946 actions | 41:39)
6 Warden
3 Shadow Strike
2 Blink
1 Fan of Knives
» actions
| Assign group hotkey | 2 | |
| Basic commands | 2 | |
| Build / train | 70 | |
| Enter build submenu | 14 | |
| Enter hero's abilities submenu | 6 | |
| Give item / drop item | 6 | |
| Right click | 1547 | |
| Select / deselect | 211 | |
| Use ability | 88 | |
1946 total
» units
» upgrades
| Strength of the Wild | 2 | |
| Reinforced Hides | 2 | |
| Well Spring | 1 | |
| Nature's Blessing | 1 | |
6 total
» buildings
| Altar of Elders | 1 | |
| Moon Well | 8 | |
| Tree of Ages | 1 | |
| Hunter's Hall | 1 | |
| Tree of Eternity | 1 | |
| Ancient of Wonders | 1 | |
| Tree of Life | 1 | |
| Ancient of Wind | 1 | |
15 total
» build order
00:05 Altar of Elders
00:29 Moon Well
01:48 Moon Well
03:48 Moon Well
03:51 Tree of Ages
04:09 Hunter's Hall
05:25 Moon Well
06:16 Tree of Eternity
10:00 Moon Well
11:52 Ancient of Wonders
17:46 Tree of Life
31:35 Ancient of Wind
34:26 Moon Well
34:29 Moon Well
34:30 Moon Well
» items
| Orb of Lightning | 1 | |
| Orb of Venom | 1 | |
| Circlet of Nobility | 1 | |
| Slippers of Agility +3 | 1 | |
| Claws of Attack +6 | 1 | |
| Gloves of Haste | 1 | |
| Claws of Attack +15 | 2 | |
8 total
Or_No (
pink | 135 APM | 5632 actions | 41:39)
5 Archmage
3 Blizzard
2 Brilliance Aura
5 Mountain King
3 Storm Bolt
2 Bash
4 Paladin
2 Holy Light
2 Divine Shield
» actions
| Assign group hotkey | 17 | |
| Basic commands | 90 | |
| Build / train | 139 | |
| ESC pressed | 5 | |
| Enter build submenu | 105 | |
| Enter hero's abilities submenu | 16 | |
| Give item / drop item | 16 | |
| Right click | 2459 | |
| Select / deselect | 419 | |
| Select group hotkey | 2005 | |
| Use ability | 361 | |
5632 total
» units
» upgrades
| Masonry | 3 | |
| Magic Sentry | 1 | |
| Sorceress Training | 2 | |
| Priest Training | 2 | |
| Armor | 3 | |
| Swords | 3 | |
| Animal War Training | 1 | |
| Cloud | 1 | |
16 total
» buildings
| Altar of Kings | 1 | |
| Farm | 9 | |
| Lumber Mill | 1 | |
| Scout Tower | 165 | |
| Arcane Tower | 14 | |
| Guard Tower | 55 | |
| Arcane Vault | 3 | |
| Keep | 1 | |
| Castle | 1 | |
| Arcane Sanctum | 1 | |
| Town Hall | 1 | |
| Barracks | 1 | |
| Blacksmith | 1 | |
| Gryphon Aviary | 1 | |
255 total
» build order
00:09 Altar of Kings
00:23 Farm
00:40 Lumber Mill
00:45 Scout Tower
01:02 Farm
01:15 Arcane Tower
01:15 Arcane Tower
01:16 Arcane Tower
01:30 Scout Tower
01:33 Scout Tower
01:52 Scout Tower
01:58 Scout Tower
01:59 Arcane Tower
01:59 Arcane Tower
02:04 Guard Tower
02:04 Guard Tower
02:25 Guard Tower
02:26 Scout Tower
02:32 Guard Tower
02:32 Scout Tower
02:33 Scout Tower
02:53 Arcane Vault
02:55 Guard Tower
03:00 Guard Tower
03:00 Guard Tower
03:35 Guard Tower
03:38 Scout Tower
03:38 Scout Tower
03:39 Scout Tower
03:40 Scout Tower
03:57 Scout Tower
03:58 Scout Tower
04:20 Guard Tower
04:22 Keep
04:45 Guard Tower
04:47 Scout Tower
04:47 Scout Tower
04:56 Guard Tower
04:59 Farm
05:03 Farm
05:30 Guard Tower
05:31 Scout Tower
05:32 Scout Tower
05:33 Scout Tower
05:34 Scout Tower
05:45 Scout Tower
05:46 Scout Tower
05:51 Arcane Tower
05:52 Guard Tower
05:53 Scout Tower
05:56 Scout Tower
06:14 Scout Tower
06:15 Scout Tower
06:19 Arcane Tower
06:24 Scout Tower
06:26 Guard Tower
06:53 Arcane Tower
07:00 Castle
07:07 Arcane Sanctum
07:10 Guard Tower
07:20 Arcane Tower
07:32 Guard Tower
07:36 Arcane Vault
08:10 Scout Tower
08:11 Scout Tower
08:29 Scout Tower
08:31 Scout Tower
08:34 Scout Tower
08:42 Scout Tower
08:43 Scout Tower
08:44 Scout Tower
09:01 Guard Tower
09:15 Guard Tower
09:16 Scout Tower
09:17 Scout Tower
09:17 Scout Tower
09:18 Scout Tower
09:50 Guard Tower
10:01 Guard Tower
10:07 Farm
10:21 Town Hall
10:25 Scout Tower
10:26 Scout Tower
10:28 Scout Tower
10:28 Scout Tower
10:32 Scout Tower
10:41 Guard Tower
10:57 Arcane Tower
10:59 Arcane Tower
11:02 Arcane Tower
11:06 Guard Tower
11:15 Scout Tower
11:16 Scout Tower
11:17 Scout Tower
11:17 Scout Tower
11:37 Scout Tower
11:37 Scout Tower
11:38 Scout Tower
11:39 Scout Tower
12:08 Guard Tower
12:11 Scout Tower
12:11 Scout Tower
12:12 Scout Tower
12:13 Scout Tower
13:06 Guard Tower
13:07 Scout Tower
13:08 Scout Tower
13:08 Scout Tower
13:09 Scout Tower
13:15 Scout Tower
13:16 Scout Tower
13:20 Guard Tower
15:07 Guard Tower
15:09 Scout Tower
15:10 Scout Tower
15:11 Scout Tower
15:11 Scout Tower
15:12 Scout Tower
15:13 Scout Tower
15:14 Scout Tower
15:16 Guard Tower
15:19 Scout Tower
15:19 Scout Tower
15:20 Scout Tower
15:21 Scout Tower
15:22 Scout Tower
15:23 Scout Tower
15:39 Barracks
15:43 Blacksmith
15:45 Gryphon Aviary
15:46 Guard Tower
16:48 Guard Tower
16:50 Scout Tower
16:50 Scout Tower
16:51 Scout Tower
16:52 Guard Tower
16:54 Scout Tower
16:55 Scout Tower
16:56 Scout Tower
16:57 Scout Tower
18:23 Scout Tower
18:24 Scout Tower
18:24 Scout Tower
18:25 Scout Tower
18:27 Guard Tower
18:32 Scout Tower
18:33 Scout Tower
18:34 Scout Tower
18:35 Scout Tower
18:37 Scout Tower
18:37 Scout Tower
19:43 Guard Tower
19:45 Guard Tower
19:47 Scout Tower
19:51 Scout Tower
19:51 Scout Tower
19:56 Scout Tower
19:56 Scout Tower
20:00 Arcane Vault
20:11 Farm
20:13 Farm
20:19 Farm
20:21 Farm
20:28 Guard Tower
20:30 Scout Tower
20:30 Scout Tower
20:31 Scout Tower
20:51 Scout Tower
20:51 Scout Tower
20:52 Scout Tower
21:32 Guard Tower
21:35 Scout Tower
21:36 Scout Tower
21:36 Scout Tower
21:38 Scout Tower
21:38 Scout Tower
21:39 Scout Tower
21:39 Scout Tower
21:40 Scout Tower
21:40 Scout Tower
21:47 Scout Tower
21:48 Scout Tower
21:48 Scout Tower
21:49 Scout Tower
21:50 Scout Tower
21:50 Scout Tower
21:51 Scout Tower
21:51 Scout Tower
21:52 Scout Tower
21:52 Scout Tower
21:53 Scout Tower
21:54 Scout Tower
21:56 Scout Tower
21:57 Scout Tower
21:57 Scout Tower
21:58 Scout Tower
21:58 Scout Tower
21:59 Scout Tower
21:59 Scout Tower
22:00 Scout Tower
22:01 Scout Tower
22:02 Scout Tower
22:02 Scout Tower
22:03 Scout Tower
22:06 Guard Tower
22:06 Guard Tower
22:08 Scout Tower
22:09 Scout Tower
22:10 Scout Tower
22:10 Scout Tower
22:11 Scout Tower
22:11 Scout Tower
22:15 Guard Tower
22:21 Guard Tower
22:32 Guard Tower
22:51 Guard Tower
23:10 Scout Tower
23:10 Scout Tower
23:11 Scout Tower
23:14 Guard Tower
23:17 Guard Tower
23:17 Guard Tower
23:21 Guard Tower
24:35 Guard Tower
24:38 Scout Tower
24:38 Scout Tower
24:39 Scout Tower
24:40 Scout Tower
24:54 Guard Tower
24:55 Scout Tower
24:56 Scout Tower
24:56 Scout Tower
24:57 Scout Tower
24:58 Scout Tower
24:58 Scout Tower
25:02 Guard Tower
25:04 Guard Tower
25:09 Guard Tower
25:21 Arcane Tower
25:40 Guard Tower
25:45 Scout Tower
25:45 Scout Tower
25:46 Scout Tower
25:47 Scout Tower
25:48 Scout Tower
25:48 Scout Tower
25:49 Scout Tower
25:52 Guard Tower
25:59 Scout Tower
26:01 Scout Tower
26:01 Scout Tower
26:22 Guard Tower
27:11 Guard Tower
28:06 Arcane Tower
28:17 Guard Tower
» items
| Scroll of Regeneration | 1 | |
| Healing Salve | 1 | |
| Staff of Sanctuary | 5 | |
| Orb of Lightning | 4 | |
| Ring of Protection +5 | 5 | |
| Kelen's Dagger of Escape | 2 | |
18 total
Chat log
(00:07 / All) butter15: hi all especially eddit
(00:16 / All) Or_No: hi do u hack i want a no hackers game !
(00:18 / All) butter15: welcome>?> to ricefeld
(00:23 / All) PanStyle: holy fuck we waiting 20min xD
(00:26 / All) PanStyle: hf hf
(00:31 / All) divinemagic: wtf no map hacks
(00:33 / All) divinemagic: or i leave
(00:38 / All) divinemagic: that sucks
(01:58 / All) PanStyle: XD
(04:25 / All) butter15: lol
(04:27 / All) PanStyle: cool
(04:30 / All) Eddie: sure map hack
(06:03 / All) PanStyle: XD
(08:02 / All) PanStyle: ncie jhack
(08:15 / All) butter15: nice tp
(08:20 / All) Or_No: he downloading a pizza
(14:19 / All) divinemagic: map hackers
(14:22 / All) butter15: lmao!
(14:23 / All) divinemagic: so predictable
(14:25 / All) butter15: lol!
(14:29 / All) divinemagic: it sucks
(14:31 / All) divinemagic: butter
(14:35 / All) divinemagic: pointless but ok
(14:44 / All) butter15: excuse me
(14:52 / All) PanStyle: yes you should
(14:54 / All) PanStyle: ;D
(14:54 / All) butter15: did you really think we wouldn't watch mid
(15:08 / All) divinemagic: y i did, i am so naive.
(16:15 / All) butter15: good flare
(16:26 / All) PanStyle: lack of towers
(16:26 / All) PanStyle: xD
(16:26 / All) divinemagic: the type of items u have is so typical of a map hacker
(16:32 / All) butter15: CLAWS ON A BLADEMASTER?
(16:35 / All) divinemagic: hall teleport, etc
(16:39 / All) butter15: holy shit
(16:43 / All) divinemagic: mass towers? lal
(16:44 / All) Or_No: only maphacker makes claws on blade
(17:24 / All) PanStyle: hi
(20:21 / All) butter15: blue
(20:23 / All) butter15: your expo
(26:27 / All) PanStyle: sim city baby
(28:01 / All) butter15: cya
(28:07 / All) butter15: *snorts*
(28:17 / All) divinemagic: wut ?
(28:22 / All) butter15: *snarfs*
(28:37 / All) Or_No: *meow* *paws at u playfully*
(28:40 / All) butter15: *snopes.com*
(32:00 / All) butter15: bye
(32:03 / All) butter15: gg
(32:05 / All) butter15: quit
(32:09 / All) Or_No: was nice knowing U
(32:13 / All) Or_No: want to search, again,
(36:02 / All) Eddie: mf u used a hack
(36:05 / All) butter15: what
(36:09 / All) butter15: which hack did i use
(36:19 / All) Eddie: some shit hack with items
(36:21 / All) butter15: lol what
(36:40 / All) butter15: what does that hack do
(37:23 / All) butter15: meet in mid
(37:24 / All) butter15: lets fight
(37:30 / All) butter15: im outof gold
(37:33 / All) divinemagic: so, our army vs ur imba heroes?
(37:39 / All) butter15: heroes only
(37:41 / All) butter15: nothing but heroes
(37:56 / All) PanStyle: go LoL then
(38:03 / All) butter15: i am laughing
(38:05 / All) butter15: at u
(38:08 / All) butter15: out loud
(38:11 / All) PanStyle: cool for you
(38:15 / All) PanStyle: -al
(38:19 / All) PanStyle: then i'll cry
(38:20 / All) PanStyle: kid
(38:21 / All) PanStyle: xD
(38:33 / All) butter15: where are you boys from
(40:08 / All) PanStyle: nice hack
(40:10 / All) PanStyle: 540 crit
(40:11 / All) PanStyle: XD
(40:13 / All) butter15: look at my items
(40:17 / All) butter15: it's natural and normal
(40:26 / All) PanStyle: yeah +15 5 claws
(40:27 / All) divinemagic: why do u have such a powerful crit? seems too much imba to be true
(40:30 / All) PanStyle: seems really legit
(40:31 / All) butter15: do the math
(40:35 / All) butter15: buy em at the store like i did
(40:48 / All) butter15: the market place
(40:48 / All) Or_No: bye eddy
(40:49 / All) butter15: on this map
(40:50 / All) butter15: there are two
(40:53 / All) butter15: you can use em too!
(41:02 / All) divinemagic: u are joking with me
(41:10 / All) PanStyle: no shop lol
(41:12 / All) divinemagic: i never seen a bm
(41:14 / All) butter15: the red
(41:15 / All) divinemagic: with such a crit
(41:17 / All) butter15: buildings
(41:20 / All) butter15: in middle
(41:21 / All) divinemagic: sry, but this is true guys
(41:25 / All) divinemagic: no math explains this
(41:26 / All) butter15: you can buy whatever you want
(41:28 / All) divinemagic: not funny at all
(41:31 / All) divinemagic: cya
(41:34 / All) butter15: bye
(41:36 / All) PanStyle: yeah buy shit at foiuntain